 Dungeon Crawl Stone Soup version 0.29.1-4-g47bece8355 (webtiles) character file.

Game seed: 16451814957321388560

8323 Tuca the Severer (level 11, 0/88 HPs)
             Began as a Green Draconian Berserker on Dec 5, 2022.
             Was a Priest of Trog.
             Slain by Harold
             ... wielding a +0 mace
              (18 damage)
             ... on level 9 of the Dungeon.
             The game lasted 00:37:34 (11636 turns).

Tuca the Severer (Green Draconian Berserker)       Turns: 11636, Time: 00:37:35

Health: 0/88       AC: 10    Str: 27    XL:     11   Next: 8%
Magic:  11/11      EV: 13    Int:  7    God:    Trog [***...]
Gold:   309        SH:  5    Dex: 10    Spells: 10/10 levels left

rFire   . . .      SeeInvis .   a - +0 hand axe
rCold   . . .      Faith    .   (no shield)
rNeg    . . .      Spirit   .   (body armour unavailable)
rPois   +          Reflect  +   e - +1 hat
rElec   .          Harm     .   u - +0 cloak
rCorr   +          Rampage  .   A - +0 pair of gloves
Will    .....                   (no boots)
Stlth   ++........              l - amulet of reflection
HPRegen 0.24/turn               k - ring of resist corrosion
MPRegen 0.12/turn               (no ring)

@: marked, on berserk cooldown, hasted and slowed
A: breathe noxious fumes, AC +7, unfitting armour, poison resistance,
cold-blooded, strong 1
a: Breathe Noxious Fumes, Renounce Religion, Berserk, Trog's Hand


You were on level 9 of the Dungeon.
You worshipped Trog.
Trog was most pleased with you.
You visited 1 branch of the dungeon, and saw 9 of its levels.

You collected 485 gold pieces.
You spent 176 gold pieces at shops.

Inventory:

Hand Weapons
 a - a +0 hand axe (weapon)
 m - a +2 dire flail of protection
 t - a +3 quarterstaff of chaos
 v - a +0 hammer
Missiles
 w - an atropa-tipped dart (quivered)
 B - 2 javelins
 L - 6 poisoned darts
Armour
 e - a +1 hat (worn)
 u - a +0 cloak (worn)
 A - a +0 pair of gloves (worn)
Jewellery
 k - a ring of resist corrosion (left hand)
 l - an amulet of reflection (around neck)
 C - an amulet of regeneration
 J - an amulet of the acrobat
 P - a ring of flight
Wands
 s - a wand of flame (1)
 N - a wand of polymorph (10)
Scrolls
 c - 2 scrolls of enchant armour {unknown}
 f - 4 scrolls of enchant weapon {unknown}
 g - 12 scrolls of identify {unknown}
 j - a scroll of immolation {unknown}
 n - a scroll of brand weapon {unknown}
 o - 2 scrolls of magic mapping {unknown}
 y - a scroll of fog {unknown}
 z - a scroll of blinking {unknown}
 D - a scroll of teleportation {unknown}
 E - 2 scrolls of summoning {unknown}
 G - 2 scrolls of fear {unknown}
 H - 2 scrolls of torment {unknown}
 K - 2 scrolls of poison {unknown}
 M - a scroll of acquirement {unknown}
Potions
 b - 6 potions of heal wounds {unknown}
 d - 3 potions of degeneration {unknown}
 h - 4 potions of curing
 i - 3 potions of attraction {unknown}
 p - a potion of flight {unknown}
 q - 2 potions of mutation
 r - 2 potions of might {unknown}
 x - 4 potions of haste
 F - a potion of invisibility
 I - a potion of lignification {unknown}
 O - a potion of resistance {unknown}
 Q - a potion of ambrosia {unknown}


   Skills:
 - Level 5.6 Fighting
 + Level 15.6 Axes
 - Level 4.8 Dodging
 - Level 2.5 Stealth
 - Level 2.3 Shields


You had 10 spell levels left.
You didn't know any spells.
Your spell library was empty.

Dungeon Overview and Level Annotations

Branches:
Dungeon (9/15)             Temple (0/1) D:4            Lair (0/5) D:9
    Orc (0/2) D:9

Altars:
Qazlal
Vehumet

Shops:
D:3 =   D:4 !*[   D:5 :   D:8 *[

Annotations:
D:9 Harold


Innate Abilities, Weirdness & Mutations

You can breathe blasts of noxious fumes.
Your lurid green scales are hard. (AC +7)
You cannot fit into any form of body armour.
Your system is resistant to poisons. (rPois)
You are cold-blooded and may be slowed by cold attacks.
Your muscles are strong. (Str +4, Int/Dex -1)


Message History

* * * LOW HITPOINT WARNING * * *
You barely miss Harold. You tail-slap Harold.
Harold is almost dead.
You block Harold's attack.
You hit Harold but do no damage.
Harold is almost dead.
Harold hits you but does no damage.
You hit Harold. You tail-slap Harold, but do no damage.
Harold is almost dead.
Harold hits you with a +0 mace!
* * * LOW HITPOINT WARNING * * *
You feel better. Harold hits you with a +0 mace!
* * * LOW HITPOINT WARNING * * *
You barely miss Harold.
Harold is almost dead.
Harold hits you but does no damage.
Okay, then.
You feel better. Harold gestures at you while chanting.
The mark upon you grows brighter. Harold closely misses you.
You hit Harold but do no damage.
Harold is almost dead.
Harold completely misses you.
You barely miss Harold.
Harold is almost dead.
You hit Harold but do no damage.
Harold is almost dead.
Harold misses you.
You hit Harold but do no damage.
Harold is almost dead.
Harold hits you but does no damage.
You feel yourself speed up. Harold completely misses you.
Harold hits you with a +0 mace!
* * * LOW HITPOINT WARNING * * *
You hit Harold but do no damage. You tail-slap Harold, but do no damage.
Harold is almost dead.
You hit Harold.
Harold is almost dead.
Harold hits you with a +0 mace!!
You die...

##.......# .......
##........# ###........
##.........###.>........
##.....................(.
#).......................
†))..............$.......
#####..........(........
# #...............# #
#...........@!..# #
#........[...@..#
#####....###............
.........# #.............
.........# #.............
................#........
...............###.......
#######......... .[...[.
# #.......... ..


You could see Harold.

Vanquished Creatures
  2 two-headed ogres
  Joseph (D:7)
  Maggie (D:6)
  A troll (D:9)
  Grinder (D:3)
  A hornet (D:8)
  Sigmund (D:5)
  10 yaks (D:8)
  Grum (D:9)
  A steam dragon (D:8)
  3 water moccasins
  An ice beast (D:8)
  2 black bears
  2 orc warriors (D:8)
  3 sky beasts
  4 wolves (D:9)
  2 ogres
  2 centaurs
  A phantom (D:5)
  2 kobold brigands
  A necrophage (D:8)
  Blork the orc (D:5)
  7 bullfrogs
  A gnoll sergeant (D:8)
  A scorpion (D:6)
  6 wights (D:7)
  3 killer bees (D:9)
  5 howler monkeys
  3 jellies
  Crazy Yiuf (D:3)
  3 hounds
  3 iguanas
  8 orc wizards
  15 adders
  4 gnolls (D:8)
  2 white imps (D:5)
  An ufetubus (D:7)
  3 worms
  3 dart slugs
  26 orcs
  8 ball pythons
  10 endoplasms
  5 giant cockroaches
  4 goblins
  6 hobgoblins
  2 jackals (D:1)
  5 quokkas
  9 bats
  4 frilled lizards
  7 kobolds
  7 rats
  A bush (D:3)
207 creatures vanquished.

Vanquished Creatures (others)
  3 fungi (D:3)
  4 plants (D:1)
7 creatures vanquished.

Grand Total: 214 creatures vanquished

Notes
Turn   | Place    | Note
-------+----------+-------------------------------------------
     0 | D:1      | Tuca the Draconian Berserker began the quest for the Orb.
     0 | D:1      | Reached XP level 1. HP: 19/19 MP: 1/1
   196 | D:1      | Reached XP level 2. HP: 19/26 MP: 2/2
   559 | D:1      | Found a faded altar of an unknown god.
  1081 | D:1      | Reached XP level 3. HP: 33/33 MP: 3/3
  1383 | D:2      | Reached ** piety under Trog
  1982 | D:2      | Reached skill level 4 in Axes
  2378 | D:3      | Found Kitrey's Jewellery Shop.
  2398 | D:3      | Reached XP level 4. HP: 21/40 MP: 4/4
  2705 | D:3      | Found a radiant altar of Vehumet.
  2907 | D:3      | Noticed Grinder
  2915 | D:3      | Reached skill level 1 in Stealth
  2919 | D:3      | Killed Grinder
  2920 | D:3      | Reached skill level 5 in Axes
  2920 | D:3      | Reached XP level 5. HP: 34/47 MP: 5/5
  2920 | D:3      | Reached XP level 6. HP: 38/53 MP: 6/6
  3439 | D:3      | Found a runed translucent door.
  3440 | D:3      | Noticed Crazy Yiuf
  3457 | D:3      | Killed Crazy Yiuf
  3749 | D:4      | Found Doliadeo's Distillery.
  3762 | D:4      | Bought a potion of curing for 33 gold pieces
  3762 | D:4      | Bought a potion of haste for 110 gold pieces
  3762 | D:4      | Bought a potion of curing for 33 gold pieces
  3765 | D:5      | Entered Level 5 of the Dungeon
  4130 | D:5      | Reached skill level 1 in Shields
  4232 | D:5      | Reached skill level 5 in Fighting
  4232 | D:5      | Your scales start taking on a lurid green colour.
  4232 | D:5      | Reached XP level 7. HP: 61/61 MP: 7/7
  4232 | D:5      | Gained mutation: Your system is resistant to poisons.
                  | (rPois) [Green Draconian growth]
  4347 | D:5      | Reached skill level 6 in Axes
  4528 | D:5      | Found Jumeli's Book Boutique.
  4569 | D:5      | Noticed Sigmund
  4599 | D:5      | Killed Sigmund
  4642 | D:5      | Reached XP level 8. HP: 62/69 MP: 8/8
  4931 | D:5      | Noticed Blork the orc
  4939 | D:5      | Killed Blork the orc
  5304 | D:6      | Reached skill level 7 in Axes
  5498 | D:6      | Reached skill level 8 in Axes
  5839 | D:4      | Found Roefyf's General Store.
  5872 | D:4      | Found Ytuub's Armour Emporium.
  5880 | D:4      | Gained mutation: Your muscles are strong. (Str +4, Int/Dex
                  | -1) [potion of mutation]
  6409 | D:4      | Found a staircase to the Ecumenical Temple.
  6766 | D:6      | Noticed Maggie
  6786 | D:6      | Killed Maggie
  6787 | D:6      | Reached skill level 9 in Axes
  7143 | D:7      | Noticed a two-headed ogre
  7165 | D:7      | Killed a two-headed ogre
  7166 | D:7      | Reached skill level 10 in Axes
  7166 | D:7      | Reached XP level 9. HP: 22/74 MP: 9/9
  7467 | D:7      | Noticed Joseph
  7481 | D:7      | Killed Joseph
  7482 | D:7      | Reached skill level 11 in Axes
  7867 | D:7      | Reached skill level 12 in Axes
  9178 | D:8      | Found Liomer's Serpentskin Sales.
  9228 | D:8      | Reached XP level 10. HP: 82/82 MP: 10/10
  9231 | D:8      | Reached skill level 13 in Axes
  9526 | D:8      | Reached skill level 14 in Axes
  9678 | D:8      | Found Zufrasax's Armour Emporium.
  9788 | D:8      | Reached *** piety under Trog
  9817 | D:8      | Noticed a two-headed ogre
  9830 | D:8      | Killed a two-headed ogre
 10044 | D:8      | Reached skill level 15 in Axes
 11022 | D:9      | Found a staircase to the Lair.
 11087 | D:9      | Found a stormy altar of Qazlal.
 11101 | D:9      | Noticed Grum
 11110 | D:9      | Reached XP level 11. HP: 88/88 MP: 11/11
 11128 | D:9      | Killed Grum
 11572 | D:9      | Found a staircase to the Orcish Mines.
 11581 | D:9      | Noticed Harold
 11636 | D:9      | Slain by Harold

Illustrated notes

Levels and vault maps discovered:
D:1:      saegor_arrival_simple_e, layout_basic,
          hellmonk_ecumenical_altar_slurped_away, serial_bayou_lake_a
D:2:      layout_basic, minmay_misc_feat_hallway
D:3:      layout_rooms, mainiacjoe_overflow_24_doors, serial_shops, shop,
          uniq_crazy_yiuf_cottage, uniq_grinder
D:4:      layout_cave_pods, temple_statues, serial_shops,
          nicolae_shop_statue_plus, shop, nicolae_shop_statue_plus,
          hangedman_abyss_or_decor_stagger
D:5:      layout_basic, serial_shops, shop, uniq_sigmund, uniq_blork_the_orc
D:6:      layout_cave_pools, nicolae_concentric_dashed_squares_wild, uniq_maggie
D:7:      layout_loops_cross, uniq_joseph
D:8:      minmay_razor_zed, layout_cave_pools, serial_shops,
          kennysheep_mini_moat, guppyfry_shop_venom
D:9:      layout_big_octagon, minitemple, dpeg_oklobed_lair, orc_0_dummy,
          uniq_harold, uniq_grum

Skill      XL: |  1  2  3  4  5  6  7  8  9 10 |
---------------+-------------------------------+-----
Dodging        | 3 4 |  4.8
Axes           | 4 5 6 10 12 15 | 15.6
Fighting       | 4 5 |  5.6
Stealth        | 1 2 |  2.5
Shields        | 1 2 |  2.3

Action                   |  1- 3 |  4- 6 |  7- 9 | 10-12 || total
-------------------------+-------+-------+-------+-------++-------
Melee: Hand axe          |   149 |   233 |   297 |   332 ||  1011
       Tailslap          |    17 |    52 |    45 |    56 ||   170
       Punch             |     1 |     6 |     3 |     5 ||    15
Throw: Dart              |       |       |       |     1 ||     1
Invok: Berserk           |       |     4 |     9 |     8 ||    21
       Trog's Hand       |       |     1 |       |       ||     1
 Abil: Breathe Noxious F |       |       |     9 |     7 ||    16
Evoke: Wand              |       |       |     1 |       ||     1
  Use: Potion            |       |       |     2 |     5 ||     7
 Stab: Confused          |       |       |    11 |    11 ||    22
       Sleeping          |       |       |     8 |       ||     8
       Distracted        |       |       |       |     1 ||     1
Armor: Skin              |    39 |    35 |    46 |    76 ||   196
Dodge: Dodged            |    96 |    52 |   129 |   116 ||   393
Block: Other             |       |    23 |    48 |    49 ||   120
       Reflection        |       |     1 |     7 |     1 ||     9
